 Dungeon Crawl Stone Soup version 0.28-a0-1130-gc51a68064b (webtiles) character file.

Game seed: 11854716353062179728

22199 vurker the Stormcaller (level 12, 60/60 HPs)
             Began as a Felid Air Elementalist on Dec 12, 2021.
             Was a High Priest of Vehumet.
             Quit the game on level 2 of the Orcish Mines.
             The game lasted 00:45:08 (38858 turns).

vurker the Stormcaller (Felid Air Elementalist)    Turns: 38858, Time: 00:45:09

Health: 60/60      AC:  3    Str:  7    XL:     12   Next: 60%
Magic:  20/32      EV: 17    Int: 27    God:    Vehumet [*****.]
Gold:   1764       SH:  0    Dex: 17    Spells: 14/41 levels left
                                        Lives:  0   Deaths: 2

rFire   . . .      SeeInvis +   (weapon unavailable)
rCold   + . .      Faith    .   (shield unavailable)
rNeg    . . .      Spirit   .   (armour unavailable)
rPois   .          Reflect  .   (helmet unavailable)
rElec   .          Harm     .   (cloak unavailable)
rCorr   .          Rampage  .   (gloves unavailable)
Will    +....                   (boots unavailable)
Stlth   ++........              w - amulet of Gluttony {Regen+ Str+3 SInv Stlth+}
HPRegen 1.00/turn               f - ring of wizardry
MPRegen 0.23/turn               p - +6 ring of intelligence

@: confused, quick
A: very small, claws 1, fangs 3, see invisible, speed 1, shaggy fur 3, stealthy
paws, no weapons or thrown items, no armour, multi-lived
a: Renounce Religion


You were on level 2 of the Orcish Mines.
You worshipped Vehumet.
Vehumet was extremely pleased with you.
You visited 4 branches of the dungeon, and saw 21 of its levels.
You also visited: Bailey.

You collected 1764 gold pieces.

Inventory:

Jewellery
 a - a ring of fire
   (You found it on level 7 of the Dungeon)
 f - a ring of wizardry (left paw)
   (You found it on level 2 of the Dungeon)
 p - a +6 ring of intelligence (right paw)
   (You took it off an orc warrior in a bailey)
 s - a ring of resist corrosion
   (You found it on level 4 of the Lair of Beasts)
 u - a ring of positive energy
   (You found it on level 1 of the Lair of Beasts)
 v - a ring of willpower
   (You acquired it on level 1 of the Lair of Beasts)
 w - the amulet of Gluttony (around neck) {Regen+ Str+3 SInv Stlth+}
   (You found it on level 1 of the Lair of Beasts)

   [amulet of regeneration]

   Str:       It affects your strength (+3).
   SInv:      It lets you see invisible.
   Regen:     It increases your rate of health regeneration.
   Stlth:     It makes you more stealthy.
 A - a ring of willpower
   (You found it on level 2 of the Lair of Beasts)
 B - a +4 ring of protection
   (You found it on level 6 of the Lair of Beasts)
Wands
 h - a wand of charming (4)
   (You found it on level 4 of the Dungeon)
 k - a wand of polymorph (22)
   (You found it on level 5 of the Dungeon)
 l - a wand of mindburst (18)
   (You found it on level 8 of the Dungeon)
 t - a wand of flame (15)
   (You found it on level 11 of the Dungeon)
 x - a wand of acid (7)
   (You found it on level 6 of the Lair of Beasts)
Scrolls
 c - 3 scrolls of identify
 e - a scroll of teleportation
 q - 2 scrolls of fog
 y - 2 scrolls of fear
Potions
 b - a potion of ambrosia
 d - 5 potions of heal wounds
 g - 5 potions of brilliance
 i - a potion of cancellation
 j - 5 potions of flight
 m - 4 potions of lignification
 n - 3 potions of curing
 r - 2 potions of attraction
 z - a potion of haste


   Skills:
 + Level 11.7 Fighting
 - Level 2.6 Dodging
 - Level 2.6 Stealth
 * Level 15.1 Spellcasting
 - Level 3.0 Conjurations
 * Level 1.2 Ice Magic
 * Level 15.2 Air Magic


You had 14 spell levels left.
You knew the following spells:

 Your Spells              Type           Power      Damage    Failure   Level
a - Shock                 Conj/Air       100%       1d9       1%          1
b - Lightning Bolt        Conj/Air       31%        1d48      1%          5
c - Airstrike             Air            40%        N/A       1%          4
f - Maxwell's Capacitive  Air            40%        ∞         4%          8
q - Polar Vortex          Ice            13%        N/A       100%        9

Your spell library contained the following spells:

 Spells                   Type           Power      Damage    Failure   Level
 Orb of Destruction       Conj           18%        9d8       47%         7
 Swiftness                Air            80%        N/A       0%          3
 Sting                    Tmut/Pois      80%        1d7       1%          1
 Poisonous Vapours        Pois/Air       100%       N/A       1%          2
 Static Discharge         Conj/Air       62%        N/A       1%          2
 Summon Lightning Spire   Summ/Air       57%        N/A       1%          4
 Freezing Cloud           Conj/Ice/Air   26%        6-21      1%          5
 Call Canine Familiar     Summ           20%        N/A       3%          3
 Gell's Gravitas          Tloc           20%        N/A       3%          3
 Lesser Beckoning         Tloc           20%        N/A       3%          3
 Teleport Other           Tloc           20%        N/A       3%          3
 Olgreb's Toxic Radiance  Pois           20%        N/A       3%          4
 Leda's Liquefaction      Hex/Erth       10%        N/A       11%         4
 Petrify                  Tmut/Erth      20%        N/A       11%         4
 Metabolic Englaciation   Hex/Ice        11%        N/A       22%         5
 Alistair's Intoxication  Tmut/Pois      13%        N/A       26%         5
 Borgnjor's Vile Clutch   Necr/Erth      10%        N/A       26%         5
 Eringya's Noxious Bog    Tmut/Pois      10%        N/A       34%         6
 Simulacrum               Ice/Necr       11%        N/A       73%         6
 Statue Form              Tmut/Erth      13%        N/A       80%         6
 Portal Projectile        Hex/Tloc       Unusable   N/A       N/A         3

Dungeon Overview and Level Annotations

Branches:
Dungeon (12/15)            Temple (1/1) D:5            Lair (6/6) D:11
  Swamp (0/4) Lair:3       Spider (0/4) Lair:2        Slime (0/5) Lair:5
    Orc (1/2) D:12         Bailey (visited)

Altars:
Ashenzari
Cheibriados
Dithmenos
Elyvilon
Fedhas
Gozag
Hepliaklqana
Kikubaaqudgha
Makhleb
Nemelex Xobeh
Okawaru
Qazlal
Ru
Sif Muna
Trog
Uskayaw
Vehumet
Wu Jian
Xom
Yredelemnul
Zin
The Shining One
Beogh
Jiyva

Annotations:
D:12 3 runed translucent doors, Armakuni's ghost, journeyman OpCj


Innate Abilities, Weirdness & Mutations

You have sharp claws.
You have razor-sharp teeth.
You have supernaturally acute eyesight. (SInv)
You cover ground quickly. (Speed+)
Your thick and shaggy fur keeps you warm. (AC +3, rC+)
Your paws help you pounce on unaware monsters.
You are incapable of wielding weapons or throwing items.
You cannot wear armour.
You gain extra lives every three experience levels.


Message History

An orc warrior is nearby!
Aim: an orc warrior, wielding a +0 dire flail and wearing a +0 plate armour (empty space bonus: 7/8)
The air twists around and strikes the orc warrior!
An orc warrior is nearby!
Aim: an orc warrior, wielding a +0 dire flail and wearing a +0 plate armour (heavily wounded, empty space bonus: 8/8)
The air twists around and strikes the orc warrior!
You kill the orc warrior!
Vehumet accepts your kill.
You feel your power returning.
An orc comes into view. It is wielding a +0 whip.
The orc moves out of view.
You can't see any susceptible monsters within range! (Use Z to cast anyway.)
Things that are here:
a +0 mace; a +0 chain mail You can't see any susceptible monsters within range! (Use Z to cast anyway.)
You now have 1764 gold pieces (gained 15).
Things that are here:
a +0 dire flail; a +0 plate armour You can't see any susceptible monsters within range! (Use Z to cast anyway.)
You see here a +0 short sword.
Aim: an orc, wielding a +0 whip (wandering, hasn't noticed you, empty space bonus: 7/8)
The air twists around and strikes the orc!!
You kill the orc!
Vehumet accepts your kill.
An orc warrior comes into view. It is wielding a +0 dire flail.
Aim: an orc warrior, wielding a +0 dire flail and wearing a +0 chain mail (wandering, hasn't noticed you, empty space bonus: 1/8)
The air twists around and strikes the orc warrior!
The orc warrior shouts!
An orc wizard comes into view. It is wielding a +0 dagger.
There are monsters nearby!
Aim: an orc warrior, wielding a +0 dire flail and wearing a +0 chain mail (moderately wounded, empty space bonus: 3/8)
The air twists around and strikes the orc warrior!
The orc wizard shouts!
The orc wizard mumbles some strange words.
The orc wizard flickers and vanishes for a moment.
There are monsters nearby!
Aim: an orc warrior, wielding a +0 dire flail and wearing a +0 chain mail (almost dead, empty space bonus: 5/8)
The air twists around and strikes the orc warrior!
You kill the orc warrior!
Vehumet accepts your kill.
The orc wizard gestures at you while chanting.
You are confused.
You hear a shout!
An orc wizard is nearby!
An orc wizard is nearby!
You're too confused to cast spells.
An orc wizard is nearby!
You're too confused to cast spells.
An orc wizard is nearby!
You're too confused to cast spells.

#o #### #.# ##.). ##
#.. ##..). ##.#.)#
#...). ##..).. ##
##..). #..... #.#
###.# #...## #..####
#)#
#..@.###...##.####.#
##...##...# ##..###.
#....#..# #...#...
#..)...# #......#
##..)).# ##....##
#.....## #....##
###....# ##..####
#....###...#..##
#..............#


You could see an orc wizard (invisible).

Vanquished Creatures
  A fire dragon (Lair:6)
  2 boulder beetles
  7 hydras
  A catoblepas (Lair:2)
  5 two-headed ogres
  A death yak (Lair:1)
  A lindwurm (Lair:6)
  A deep elf pyromancer (D:8)
  2 orc sorcerers (Orc:2)
  A cyclops (D:12)
  7 elephants
  2 molten gargoyles (Lair:6)
  An ice statue (Lair:1)
  8 black mambas
  10 cane toads
  Joseph (D:7)
  Maggie (Lair:1)
  Psyche (D:10)
  12 komodo dragons
  4 rime drakes
  2 ice devils (Lair:1)
  An anaconda simulacrum (Lair:1)
  An entropy weaver simulacrum (Lair:1)
  3 trolls
  Grinder (D:5)
  2 polar bears
  13 blink frogs
  26 dream sheep
  Sigmund (D:3)
  A vampire (D:9)
  57 yaks
  A shadow (D:12)
  3 wraiths
  A redback (Lair:2)
  Eustachio (D:4)
  3 steam dragons
  10 wyverns
  5 basilisks
  A warg (D:12)
  A death yak simulacrum (Lair:1)
  7 vampire mosquitoes
  24 water moccasins
  2 acid dragons
  3 hell hounds (Lair:6)
  13 orc warriors
  4 black bears
  2 ice beasts
  A sky beast (D:8)
  4 ogres
  4 phantoms
  4 wolves (Lair:2)
  6 centaurs
  A kobold brigand (D:9)
  12 bullfrogs
  5 scorpions
  A gnoll sergeant (D:9)
  3 two-headed ogre simulacra (Lair:1)
  A water moccasin zombie (D:4)
  2 troll zombies (D:12)
  An elephant simulacrum (Lair:1)
  9 killer bees (D:9)
  10 wights
  A howler monkey (D:4)
  4 centaur zombies
  5 lava snakes (Lair:6)
  A hound (D:5)
  14 orc priests
  A centaur skeleton (D:5)
  A bullfrog skeleton (D:6)
  Crazy Yiuf (D:3)
  4 iguanas
  5 orc wizards
  5 hell rats (Lair:3)
  A polar bear simulacrum (Lair:1)
  2 troll simulacra (Lair:1)
  A wolf simulacrum (Lair:1)
  6 ogre zombies (D:12)
  A howler monkey zombie (D:8)
  8 adders
  13 gnolls
  11 river rats (Lair:3)
  2 white imps
  An ufetubus (D:5)
  3 dart slugs
  51 orcs
  2 bats
  9 endoplasms
  6 giant cockroaches
  7 goblins
  6 hobgoblins
  5 jackals (D:1)
  7 quokkas
  9 ball pythons
  2 frilled lizards (D:1)
  4 goblin skeletons (D:12)
  2 goblin zombies (D:12)
  2 hobgoblin skeletons (D:12)
  2 hobgoblin zombies (D:12)
  20 kobolds
  3 orc skeletons (D:12)
  11 orc zombies (D:12)
  16 rats
577 creatures vanquished.

Vanquished Creatures (collateral kills)
  Gastronok (D:11)
1 creature vanquished.

Vanquished Creatures (others)
  An orc wizard (Orc:2)
  A bush (Lair:5)
  48 fungi
  68 plants
  3 withered plants (D:9)
121 creatures vanquished.

Grand Total: 699 creatures vanquished

Notes
Turn   | Place    | Note
-------+----------+-------------------------------------------
     0 | D:1      | vurker the Felid Air Elementalist began the quest for the
                  | Orb.
     0 | D:1      | Reached XP level 1. HP: 7/7 MP: 4/4
   359 | D:1      | Reached skill level 1 in Conjurations
   698 | D:1      | Reached XP level 2. HP: 12/12 MP: 3/6
  1317 | D:1      | Reached skill level 1 in Fighting
  1386 | D:1      | Reached XP level 3. HP: 15/15 MP: 5/7
  2841 | D:3      | Reached XP level 4. HP: 19/19 MP: 0/9
  3435 | D:3      | Reached XP level 5. HP: 15/22 MP: 2/10
  3509 | D:2      | Learned a level 4 spell: Airstrike
  4422 | D:3      | Noticed Sigmund
  4457 | D:3      | Killed Sigmund
  4458 | D:3      | Gained mutation: You are covered in thick fur. (AC +2)
                  | [Felid growth]
  4458 | D:3      | Reached XP level 6. HP: 21/27 MP: 4/13
  4776 | D:3      | Found a runed translucent door.
  4777 | D:3      | Noticed Crazy Yiuf
  4860 | D:3      | Killed Crazy Yiuf
  5387 | D:4      | Reached XP level 7. HP: 19/30 MP: 6/14
  5650 | D:4      | Noticed Eustachio
  5657 | D:4      | Killed Eustachio
  5658 | D:4      | Reached skill level 5 in Air Magic
  6082 | D:4      | Found a sparkling altar of Nemelex Xobeh.
  6342 | D:5      | Entered Level 5 of the Dungeon
  6628 | D:5      | Reached skill level 5 in Spellcasting
  7037 | D:5      | Noticed Grinder
  7221 | D:5      | Paralysed by Grinder for 4 turns
  7226 | D:5      | Killed Grinder
  7227 | D:5      | Reached XP level 8. HP: 29/36 MP: 3/17
  7420 | D:5      | Found a staircase to the Ecumenical Temple.
  7426 | Temple   | Entered the Ecumenical Temple
  7823 | D:5      | Found a radiant altar of Vehumet.
  7932 | D:5      | Became a worshipper of Vehumet
  8019 | D:5      | Found an iron altar of Okawaru.
  8159 | D:5      | Found a glowing golden altar of the Shining One.
  8176 | D:5      | Found a bloodstained altar of Trog.
  8711 | D:6      | Found a hide-covered altar of Uskayaw.
  8873 | D:6      | Found a shadowy altar of Dithmenos.
  9414 | D:6      | Learned a level 5 spell: Lightning Bolt
  9423 | D:6      | Learned a level 8 spell: Maxwell's Capacitive Coupling
  9546 | D:6      | Noticed a two-headed ogre
  9556 | D:6      | Killed a two-headed ogre
  9557 | D:6      | Reached skill level 5 in Fighting
  9557 | D:6      | Reached XP level 9. HP: 40/40 MP: 3/21
 10269 | D:7      | Noticed Joseph
 10606 | D:7      | Reached * piety under Vehumet
 10606 | D:7      | Offered knowledge of Freeze by Vehumet.
 10817 | D:7      | Noticed a komodo dragon
 10831 | D:7      | Killed a komodo dragon
 11010 | D:7      | Found an opulent altar of Gozag.
 11571 | D:7      | Found an opulent altar of Gozag.
 11609 | D:7      | Killed Joseph
 12073 | D:8      | Reached XP level 10. HP: 45/45 MP: 3/23
 12262 | D:8      | Found a flagged portal.
 12270 | Bailey   | Entered a bailey
 12928 | Bailey   | Found a bloodstained altar of Trog.
 13213 | D:8      | Offered knowledge of Magic Dart by Vehumet.
 13214 | D:8      | Reached ** piety under Vehumet
 13338 | D:8      | Noticed a deep elf pyromancer
 13341 | D:8      | Killed a deep elf pyromancer
 13342 | D:8      | Noticed Psyche
 13767 | D:8      | Noticed a two-headed ogre
 13783 | D:8      | Killed a two-headed ogre
 14313 | D:9      | Found an ancient bone altar of Kikubaaqudgha.
 14419 | D:9      | Noticed a two-headed ogre
 14440 | D:9      | Killed a two-headed ogre
 15074 | D:9      | Reached skill level 10 in Air Magic
 15225 | D:9      | Reached skill level 10 in Spellcasting
 15523 | D:9      | Reached XP level 11. HP: 50/50 MP: 15/26
 16313 | D:10     | Entered Level 10 of the Dungeon
 16353 | D:10     | Noticed a two-headed ogre
 16357 | D:10     | Killed a two-headed ogre
 16485 | D:10     | Killed Psyche
 16669 | D:10     | Found a hazy altar of Hepliaklqana.
 16705 | D:10     | Offered knowledge of Conjure Flame by Vehumet.
 17106 | D:10     | Found an ornate altar of the Wu Jian Council.
 17583 | D:11     | Noticed Gastronok
 17588 | D:10     | Reached *** piety under Vehumet
 18752 | D:11     | Noticed a two-headed ogre
 18777 | D:11     | Killed a two-headed ogre
 19629 | D:11     | Killed Gastronok
 19815 | D:11     | Offered knowledge of Stone Arrow by Vehumet.
 19902 | D:11     | Gained mutation: Your thick and shaggy fur keeps you warm.
                  | (AC +3, rC+) [Felid growth]
 19902 | D:11     | Reached XP level 12. HP: 44/56 MP: 2/28
 20025 | D:11     | Found a staircase to the Lair.
 20691 | Lair:1   | Entered Level 1 of the Lair of Beasts
 20698 | Lair:1   | Noticed Maggie
 21133 | Lair:1   | Killed Maggie
 21293 | Lair:1   | Noticed a four-headed hydra
 21298 | Lair:1   | Killed a four-headed hydra
 21753 | Lair:1   | Reached **** piety under Vehumet
 22339 | Lair:1   | You fall into a shaft and drop 1 floor!
 22556 | Lair:1   | Identified a scroll of acquirement
 22556 | Lair:1   | Acquired a ring of willpower
 23406 | Lair:1   | Noticed a four-headed hydra
 23412 | Lair:1   | Killed a four-headed hydra
 23412 | Lair:1   | Offered knowledge of Dazzling Flash by Vehumet.
 23547 | Lair:1   | Noticed a death yak
 23559 | Lair:1   | Killed a death yak
 24298 | Lair:1   | Identified the amulet of Gluttony {Regen+ Str+3 SInv
                  | Stlth+}
 24588 | Lair:2   | Noticed a five-headed hydra
 24592 | Lair:2   | Killed a five-headed hydra
 24661 | Lair:2   | Reached XP level 13. HP: 61/61 MP: 20/31
 24671 | Lair:2   | Reached skill level 10 in Fighting
 24875 | Lair:2   | Found a hole to the Spider Nest.
 27041 | Lair:3   | Reached ***** piety under Vehumet
 27054 | Lair:3   | Offered knowledge of Eringya's Noxious Bog by Vehumet.
 27322 | Lair:3   | Found a staircase to the Swamp.
 29819 | Lair:5   | Found a viscous altar of Jiyva.
 29820 | Lair:5   | Found a staircase to the Slime Pits.
 31713 | Lair:6   | Entered Level 6 of the Lair of Beasts
 32132 | Lair:6   | Reached XP level 14. HP: 67/67 MP: 9/33
 33642 | Lair:6   | Offered knowledge of Lee's Rapid Deconstruction by Vehumet.
 34540 | Lair:6   | Found a large runed translucent door.
 34541 | Lair:6   | Found a large runed translucent door.
 35311 | Lair:6   | Reached skill level 15 in Air Magic
 36612 | D:12     | Found a runed translucent gate.
 36613 | D:12     | Noticed Armakuni's ghost (journeyman OpCj)
 36777 | D:12     | Found a runed translucent gate.
 36778 | D:12     | Found a runed translucent gate.
 37157 | D:12     | Found a staircase to the Orcish Mines.
 37162 | D:12     | Reached skill level 15 in Spellcasting
 37854 | D:12     | Found the +13 scythe of Curses {drain, Drain}
 38122 | D:12     | Learned a level 9 spell: Polar Vortex
 38123 | Orc:1    | Entered Level 1 of the Orcish Mines
 38363 | Orc:1    | Noticed an orc warlord
 38559 | Orc:1    | Mangled by an orc warrior
 38560 | Orc:1    | Reached XP level 13. HP: -11/64 MP: 33/33
 38563 | Orc:1    | Offered knowledge of Orb of Destruction by Vehumet.
 38565 | Orc:1    | Noticed an orc warlord
 38579 | Orc:1    | Mangled by an orc warrior
 38580 | Orc:1    | Reached XP level 12. HP: -7/60 MP: 23/32
 38580 | Orc:1    | You fall into a shaft and drop 1 floor!
 38580 | Orc:2    | Entered Level 2 of the Orcish Mines
 38606 | Orc:2    | Reached skill level 1 in Ice Magic
 38858 | Orc:2    | Quit the game

Illustrated notes

Levels and vault maps discovered:
D:1:      minmay_arrival_shattered_statue, layout_basic, feat_on_display
D:2:      layout_basic
D:3:      layout_basic, uniq_crazy_yiuf_cottage, uniq_sigmund
D:4:      layout_loops_ring, nemelex_diamond_rough_becter,
          serial_co_window_serial, co_window_paths_b, co_window_paths_a,
          co_window_corner_a, co_window_corner_a, co_window_corner_a,
          co_window_paths_a, co_window_cross_1, co_window_paths_c,
          co_window_unsneaky_path_b, co_window_of_opportunity_c,
          co_window_corner_cb, co_window_unsneaky_path_d, glass_columns_a,
          uniq_eustachio
D:5:      layout_cave_pods, amcnicky_altar_gilded, okawaru_altar_gauntlet_db,
          vehumet_crystals, tso_metal_star, minmay_temple_entry_grid,
          uniq_grinder
D:6:      layout_basic, lemuel_doored_altar, marbit_many_paths
D:7:      layout_basic, general_overflow_altar, minmay_statues_item,
          minmay_misc_feat_four_crosses, serial_bayou_pond_e, uniq_joseph
D:8:      layout_gridville, enter_bailey_2, uniq_psyche
D:9:      layout_roguey, kiku_gazebo_garden_becter
D:10:     layout_irregular_city, mainiacjoe_overflow_boulevard,
          mainiacjoe_overflow_alcove_1
D:11:     layout_loops_cross, minmay_lair_entry_grove, gauntlet_entry_generic,
          grunt_decor_resistance, bh_walls_and_bars, uniq_gastronok
D:12:     layout_stronghold, zombieorc2_lemuel, biasface_ghost_orc_armoury
Temple:   minmay_temple_curvy_loop
Lair:1:   dreamdust_isle_of_ice, layout_chaotic_city, minivault_27, uniq_maggie
Lair:2:   layout_cave_shapes, spider_nest_entry_a, beast_lair_carwin_1,
          grunt_megastairs_3
Lair:3:   lemuel_ratsnest, layout_small_grid, minmay_swamp_entry_reptiles,
          chequers_serial_rivers_micro_e, lemuel_fruit_tree
Lair:4:   layout_gridlike, infiniplex_staircase_pool, grunt_megastairs_2
Lair:5:   layout_layer_cave, slime_altar_1, grunt_megastairs_1
Lair:6:   cheibrodos_lair_end_hotspot, layout_long_grid, lemuel_fruit_fields
Orc:1:    layout_caves, serial_shops, shop
Orc:2:    pubby_orc_utopia, serial_shops, uniq_urug

Skill      XL: |  1  2  3  4  5  6  7  8  9 10 11 12 13 14 |
---------------+-------------------------------------------+-----
Conjurations   | 1 2 3 |  3.0
Air Magic      | 3 4 5 7 8 10 11 13 14 15 | 15.2
Fighting       | 1 2 3 5 6 7 8 9 11 | 11.7
Spellcasting   | 3 4 5 7 8 10 11 13 14 15 | 15.1
Ice Magic      | 1 |  1.2
Dodging        | |  2.6
Stealth        | |  2.6

Action                   |  1- 3 |  4- 6 |  7- 9 | 10-12 | 13-15 || total
-------------------------+-------+-------+-------+-------+-------++-------
Melee: Unarmed           |    16 |    15 |       |     4 |     6 ||    41
       Bite              |       |     1 |       |       |     1 ||     2
 Cast: Shock             |    94 |   130 |   177 |    54 |    29 ||   484
       Airstrike         |       |       |    59 |   347 |   497 ||   903
       Lightning Bolt    |       |       |       |    46 |    31 ||    77
       Maxwell's Capacit |       |       |       |       |     9 ||     9
Evoke: Wand              |       |       |       |    11 |       ||    11
  Use: Scroll            |       |       |    13 |     7 |     7 ||    27
       Potion            |       |       |       |     2 |     1 ||     3
Armor: Skin              |     6 |     3 |     4 |    20 |    11 ||    44
Dodge: Dodged            |    47 |    34 |    42 |   172 |    88 ||   383

Table legend: (Time is in decaauts)
 A = Elapsed time spent in this place.
 B = Non-inter-level travel time spent in this place.
 C = Inter-level travel time spent in this place.
 D = Time resting spent in this place.
 E = Time spent auto-exploring this place.
 F = Levels seen in this place.
 G = Mean time per level.
                   A        B        C        D        E       F      G
               +--------+--------+--------+--------+--------+-----+--------+
         Total |  35663 |  34670 |    993 |   4368 |  26292 |  22 | 1621.0 |
       Dungeon |  21093 |  20419 |    674 |   2776 |  15500 |  12 | 1757.8 |
        Temple |    179 |    158 |     21 |      0 |    153 |   1 |  179.0 |
          Lair |  13388 |  13091 |    297 |   1074 |  10367 |   6 | 2231.3 |
  Orcish Mines |    315 |    315 |      0 |      0 |    240 |   2 |  157.5 |
        Bailey |    686 |    686 |      0 |    518 |     30 |   1 |  686.0 |
               +--------+--------+--------+--------+--------+-----+--------+

Top non-repeatable levels by time:
  Lair:6: 3428 daAuts
    D:11: 3395 daAuts
  Lair:1: 2767 daAuts
  Lair:3: 2261 daAuts
     D:3: 2008 daAuts
    D:10: 1986 daAuts
  Lair:5: 1882 daAuts
    D:12: 1799 daAuts
     D:1: 1788 daAuts
  Lair:4: 1724 daAuts
     D:5: 1672 daAuts
     D:9: 1670 daAuts
     D:7: 1665 daAuts
     D:8: 1627 daAuts
     D:6: 1372 daAuts
